 Dungeon Crawl Stone Soup version 0.20.1-1-g8b1a95d (webtiles) character file.

3999 vineage the Basher (level 10, -7/84 HPs)
             Began as a Minotaur Fighter on July 27, 2017.
             Mangled by a two-headed ogre
             ... wielding a +0 dire flail
              (33 damage)
             ... on level 9 of the Dungeon.
             The game lasted 00:18:14 (6776 turns).

vineage the Basher (Minotaur Fighter)               Turns: 6776, Time: 00:18:14

Health: -7/84      AC:  8    Str: 26 (27) XL:     10   Next: 3%
Magic:  9/9        EV: 10    Int:  4 (5)  God:    Xom [......]
Gold:   72         SH: 12    Dex:  8 (10) Spells: 9/9 levels left

rFire    . . .     SeeInvis .   n - +4 whip
rCold    + . .     Gourm    .   c - +1 shield
rNeg     + . .     Faith    .   b - +0 scale mail
rPois    .         Spirit   .   (helmet restricted)
rElec    .         Reflect  .   (no cloak)
rCorr    .         Harm     +   (no gloves)
MR       +....                  (no boots)
Stlth    ..........             m - amulet of harm
Regen    0.3/turn               y - ring of positive energy
MPRegen  0.2/turn               w - +3 ring of strength

@: no status effects
A: retaliatory headbutt, horns 2, blurry vision 1, cold resistance 1,
deterioration 2, magic resistance 1
a: Renounce Religion


You were on level 9 of the Dungeon.
You worshipped Xom.
You were a very special plaything of Xom.
You were not hungry.

You visited 1 branch of the dungeon, and saw 9 of its levels.
You also visited: Ossuary.

You collected 368 gold pieces.
You spent 276 gold pieces at shops.
You donated 20 gold pieces to Zin.

Inventory:

Hand Weapons
 a - a +0 war axe
 n - a +4 whip (weapon)
 o - a +0 rapier of freezing
 r - a +1 flail of crushing
Armour
 b - a +0 scale mail (worn)
 c - a +1 shield (worn)
 N - a +0 pair of gloves
Magical Staves
 p - an uncursed staff of fire {unknown}
Jewellery
 f - an uncursed ring of loudness
 m - an amulet of harm (around neck)
 w - a +3 ring of strength (right hand)
 y - a ring of positive energy (left hand)
Wands
 C - a wand of acid (4/15)
 K - a wand of confusion (20/48)
Scrolls
 h - 2 scrolls of enchant weapon
 i - 11 scrolls of teleportation
 j - 2 scrolls of amnesia
 s - a scroll of blinking
 t - 7 scrolls of remove curse
 A - a scroll of identify
 B - a scroll of enchant armour
 F - 2 scrolls of recharging
 H - a scroll of fear {unknown}
Potions
 d - 2 potions of might
 e - 2 potions of degeneration
 g - 5 potions of haste
 k - 9 potions of curing
 l - 2 potions of invisibility
 q - a potion of brilliance
 u - a potion of berserk rage
 v - 2 potions of flight
 x - a potion of ambrosia
 z - 3 potions of heal wounds
 D - a potion of lignification
 E - 2 potions of magic {unknown}
 I - a potion of agility {unknown}
Books
 G - a book of Beasts

   Spells                             Type                      Level
   a - Summon Butterflies             Summoning                    1
   b - Call Canine Familiar           Summoning                    3
   c - Summon Ice Beast               Ice/Summoning                4
   d - Summon Mana Viper              Hexes/Summoning              5
   e - Summon Hydra                   Summoning                    7
 J - a Young Poisoner's Handbook

   Spells                             Type                      Level
   a - Sting                          Conjuration/Poison           1
   b - Poisonous Vapours              Poison/Air                   2
   c - Mephitic Cloud                 Conjuration/Poison/Air       3
   d - Olgreb's Toxic Radiance        Poison                       4
   e - Venom Bolt                     Conjuration/Poison           5
Comestibles
 L - 3 bread rations
 M - 2 meat rations


   Skills:
 + Level 6.8 Fighting
 + Level 5.6(8.3) Axes
 + Level 9.6(10.2) Maces & Flails
 + Level 8.0 Armour
 + Level 4.2 Dodging
 + Level 1.0 Stealth
 + Level 9.0 Shields


You had 9 spell levels left.
You didn't know any spells.

Dungeon Overview and Level Annotations

Branches:
Dungeon (9/15)             Temple (0/1) D:6
   Lair: D:8-11         Orc: D:9-12

Altars:
Fedhas
Nemelex Xobeh
Qazlal
Sif Muna
Trog
Uskayaw
Xom
Zin
The Shining One

Shops:
D:7 =??!}

Annotations:
D:6 Blork the orc


Innate Abilities, Weirdness & Mutations

You reflexively headbutt those who attack you in melee.
You have a pair of horns on your head.
Scrolls take you a little longer to read.
Your flesh is cold resistant. (rC+)
Your body often deteriorates upon taking damage.
You are resistant to hostile enchantments. (MR+)


Message History

You block the two-headed ogre's attack.
The two-headed ogre hits you with a giant spiked club.
You barely miss the two-headed ogre. You headbutt the two-headed ogre.
The two-headed ogre is almost dead.
You hit the two-headed ogre.
Your headbutt misses the two-headed ogre.
The two-headed ogre is almost dead.
The two-headed ogre hits you with a dire flail!!
* * * LOW HITPOINT WARNING * * *
Your body deteriorates!
You feel clumsy. You block the two-headed ogre's attack.
You feel much better.
You barely miss the two-headed ogre. You headbutt the two-headed ogre.
The two-headed ogre is almost dead.
You block the two-headed ogre's attack. The two-headed ogre barely misses you.
Your shield and scale mail prevent you from hitting the two-headed ogre.
The two-headed ogre is almost dead.
You block the two-headed ogre's attack.
The two-headed ogre hits you with a giant spiked club!!
You die...

... ... ... #.#
###.#####
#.....<.#
#.#O###.#
#$#@..#.#
###.###.#.#
#.#.........###
..............+
#.#.##.....####
# #.##.## #.
#.# #. #.# (.
..#


You could see a two-headed ogre.

Vanquished Creatures
  A two-headed ogre (D:8)
  The ghost of p0werm0de the Skirmisher, a novice DsFi (D:5)
  A hippogriff (D:7)
  Edmund (D:5)
  2 orc warriors (D:6)
  The ghost of Ferkelamun the Changer, an amateur FeTm (D:4)
  6 ogres
  2 bullfrogs
  2 elf zombies (Ossuary)
  4 scorpions
  A water moccasin skeleton (D:5)
  5 howler monkeys (D:7)
  2 crimson imps
  A centaur zombie (Ossuary)
  5 hounds
  A human zombie (D:8)
  2 bullfrog zombies
  3 orc priests
  2 jellies
  A bullfrog skeleton (D:6)
  Jessica (D:3)
  2 human skeletons (D:8)
  2 iguanas
  7 orc wizards
  2 worker ants
  A big kobold zombie (Ossuary)
  A hound zombie (D:5)
  2 hound skeletons
  2 mummies (Ossuary)
  A worker ant zombie (D:8)
  Robin (D:3)
  8 gnolls
  6 adders
  3 shadow imps
  An ooze (D:4)
  2 adder zombies (Ossuary)
  An adder skeleton (D:7)
  2 worms
  A dart slug (D:3)
  2 leopard geckos
  23 orcs
  10 bats
  7 giant cockroaches
  14 goblins
  11 hobgoblins
  12 jackals
  A quokka (D:7)
  A ball python (D:2)
  8 frilled lizards
  A goblin zombie (Ossuary)
  11 hobgoblin zombies (Ossuary)
  A jackal zombie (Ossuary)
  12 kobolds
  12 kobold zombies (Ossuary)
  A leopard gecko skeleton (D:4)
  An orc skeleton (D:8)
  6 orc zombies
  7 rats
  A rat zombie (Ossuary)
232 creatures vanquished.

Notes
Turn   | Place    | Note
-------+----------+-------------------------------------------
     0 | D:1      | vineage the Minotaur Fighter began the quest for the Orb.
     0 | D:1      | Reached XP level 1. HP: 19/19 MP: 0/0
   118 | D:1      | Reached XP level 2. HP: 26/27 MP: 1/1
   639 | D:2      | Reached XP level 3. HP: 22/33 MP: 2/2
   647 | D:2      | Found a faded altar of an unknown god.
   679 | D:2      | Became a worshipper of Zin the Law-Giver
   679 | D:2      | Reached * piety under Zin
   951 | D:2      | Reached skill level 1 in Dodging
   951 | D:2      | Reached XP level 4. HP: 25/41 MP: 3/3
  1129 | D:2      | Reached ** piety under Zin
  1512 | D:3      | Reached *** piety under Zin
  1557 | D:3      | Noticed Robin
  1557 | D:3      | Noticed Jessica
  1586 | D:3      | Killed Jessica
  1586 | D:3      | Reached XP level 5. HP: 41/47 MP: 4/4
  1591 | D:3      | Killed Robin
  2330 | D:4      | Noticed Ferkelamun's ghost (amateur FeTm)
  2342 | D:4      | Killed Ferkelamun's ghost
  2342 | D:4      | Reached skill level 5 in Axes
  2342 | D:4      | Reached XP level 6. HP: 37/53 MP: 5/5
  2359 | D:4      | Reached skill level 1 in Maces & Flails
  2359 | D:4      | Reached skill level 5 in Shields
  2642 | D:4      | Reached skill level 5 in Armour
  2872 | D:4      | Reached XP level 7. HP: 51/60 MP: 6/6
  3039 | D:5      | Entered Level 5 of the Dungeon
  3271 | D:5      | Reached skill level 5 in Fighting
  3272 | D:5      | Noticed Edmund
  3292 | D:5      | Killed Edmund
  3825 | D:5      | Noticed p0werm0de's ghost (novice DsFi)
  3858 | D:5      | Killed p0werm0de's ghost
  3858 | D:5      | Reached skill level 5 in Maces & Flails
  3858 | D:5      | Reached XP level 8. HP: 62/69 MP: 7/7
  3900 | D:5      | Found a shimmering altar of Xom.
  3907 | D:5      | Found a hide-covered altar of Uskayaw.
  3912 | D:5      | Found a glowing silver altar of Zin.
  3923 | D:5      | Found a blossoming altar of Fedhas.
  3930 | D:5      | Found a sparkling altar of Nemelex Xobeh.
  3935 | D:5      | Found a glowing golden altar of the Shining One.
  3956 | D:5      | Fell from the grace of Zin
  3956 | D:5      | Became a worshipper of Xom of Many Doors
  3963 | D:5      | Found a stormy altar of Qazlal.
  4059 | D:6      | XOM: noise
  4090 | D:6      | XOM: divination: detect creatures
  4219 | D:6      | Found a staircase to the Ecumenical Temple.
  4311 | D:6      | Noticed Blork the orc
  4316 | D:6      | XOM: enchant monster (bad)
  4320 | D:6      | Found a deep blue altar of Sif Muna.
  4349 | D:6      | XOM: potion effect (agility)
  4434 | D:6      | XOM: mild Conj miscast
  5052 | D:7      | Found Ycicke's Magic Scroll Boutique.
  5072 | D:7      | Found Mowniuze's Jewellery Shoppe.
  5078 | D:7      | Bought a +3 ring of strength for 172 gold pieces
  5116 | D:7      | Bought a scroll of identify for 20 gold pieces
  5116 | D:7      | Bought a scroll of identify for 20 gold pieces
  5116 | D:7      | Bought a scroll of identify for 20 gold pieces
  5116 | D:7      | Bought a scroll of identify for 20 gold pieces
  5131 | D:7      | Found Huipp's Distillery.
  5148 | D:7      | Reached XP level 9. HP: 75/75 MP: 8/8
  5216 | D:7      | Found Xanol's Gadget Boutique.
  5327 | D:7      | XOM: scenery: create altars
  5344 | D:7      | XOM: enchant monster (bad)
  5347 | D:7      | Found Aclebic's Magic Scroll Emporium.
  5349 | D:7      | XOM: confuse monster(s)
  5364 | D:7      | Bought a scroll of identify for 24 gold pieces
  5424 | D:7      | Gained mutation: You have a somewhat thin skeletal structure. (Dex +2, Stealth) [potion of mutation]
  5424 | D:7      | Gained mutation: You are weak. (Str -2) [potion of mutation]
  5424 | D:7      | Gained mutation: You have sharp fingernails. [potion of mutation]
  5424 | D:7      | Gained mutation: Your flesh is cold resistant. (rC+) [potion of mutation]
  5425 | D:7      | Lost mutation: You are weak. (Str -2) [potion of mutation]
  5425 | D:7      | Lost mutation: You have sharp fingernails. [potion of mutation]
  5425 | D:7      | Gained mutation: You are resistant to hostile enchantments. (MR+) [potion of mutation]
  5425 | D:7      | Gained mutation: You are agile. (Dex +2) [potion of mutation]
  5425 | D:7      | Lost mutation: You have a somewhat thin skeletal structure. (Dex +2, Stealth) [potion of mutation]
  5425 | D:7      | Gained mutation: You are partially covered in iridescent scales. (AC +2) [potion of mutation]
  5575 | D:7      | Reached skill level 1 in Stealth
  5580 | D:7      | XOM: cloud trail
  5591 | D:7      | XOM: divination: detect items
  5608 | D:7      | Found a bloodstained altar of Trog.
  5650 | D:7      | XOM: divination: magic mapping
  5803 | D:7      | XOM: give mutations
  5803 | D:7      | Gained mutation: Your body sometimes deteriorates upon taking damage. [Xom's mischief]
  5803 | D:7      | Lost mutation: You are agile. (Dex +2) [Xom's mischief]
  5803 | D:7      | Lost mutation: You are partially covered in iridescent scales. (AC +2) [Xom's mischief]
  5804 | D:7      | XOM: silly message
  5878 | D:8      | XOM: draining
  5922 | D:8      | Found a sand-covered staircase.
  5982 | Ossuary  | Entered an ossuary
  6091 | Ossuary  | XOM: 1-stop teleportation journey
  6212 | Ossuary  | XOM: give mutations
  6212 | Ossuary  | Gained mutation: Scrolls take you a little longer to read. [Xom's mischief]
  6212 | Ossuary  | Gained mutation: Your body often deteriorates upon taking damage. [Xom's mischief]
  6257 | D:8      | Noticed a two-headed ogre
  6263 | D:8      | Killed a two-headed ogre
  6353 | D:8      | XOM: 5-stop teleportation journey
  6663 | D:8      | Reached XP level 10. HP: 84/84 MP: 9/9
  6758 | D:9      | Noticed a two-headed ogre
  6762 | D:9      | XOM: medium Conj miscast
  6768 | D:9      | XOM: harmless Pois miscast
  6773 | D:9      | HP: 3/84 [two-headed ogre/dire flail (27)]
  6776 | D:9      | Mangled by a two-headed ogre

Skill      XL: |  1  2  3  4  5  6  7  8  9 |
---------------+----------------------------+-----
Fighting       | 4 5 6 |  6.8
Shields        | 4 5 6 7 9 |  9.0
Armour         | 4 5 6 7 8 |  8.0
Axes           | 3 4 5 |  5.6
Dodging        | 1 2 3 4 |  4.2
Maces & Flails | 1 5 6 9 |  9.6
Stealth        | 1 |  1.0

Action                   |  1- 3 |  4- 6 |  7- 9 | 10-12 || total
-------------------------+-------+-------+-------+-------++-------
Melee: War axe           |    74 |    92 |       |       ||   166
       Headbutt          |    11 |    20 |   106 |     4 ||   141
       Whip              |       |    48 |   441 |    13 ||   502
  Use: Scroll            |       |    11 |    10 |       ||    21
       Potion            |       |       |     2 |     1 ||     3
  Eat: Bread ration      |       |     1 |     2 |       ||     3
       Chunk             |       |     1 |     3 |       ||     4
       Meat ration       |       |     1 |       |       ||     1
       Fruit             |       |       |     4 |       ||     4
Armor: Scale mail        |    37 |    53 |    96 |       ||   186
Dodge: Dodged            |    29 |    50 |    94 |     4 ||   177
Block: Shield            |    38 |    85 |   193 |     6 ||   322
